 Dungeon Crawl Stone Soup version 0.27.1-33-g824d729ab1 (webtiles) character file.

Game seed: 8593152790594296609

187 Labrat the Magician (level 5, -8/37 HPs)
             Began as a Gnoll Hedge Wizard on Dec 25, 2021.
             Killed by nerve-wracking pain
             ... invoked by an orc priest
              (14 damage)
             ... on level 4 of the Dungeon on Dec 27, 2021.
             The game lasted 00:15:12 (3808 turns).

Labrat the Magician (Gnoll Hedge Wizard)            Turns: 3808, Time: 00:15:13

Health: -8/37      AC:  9    Str: 10    XL:     5   Next: 66%
Magic:  14/14      EV: 11    Int: 14    God:
Gold:   127        SH:  0    Dex: 11    Spells: 12/18 levels left

rFire    . . .     SeeInvis .   p - +2 demon blade (vamp)
rCold    . . .     Faith    .   (no shield)
rNeg     . . .     Spirit   .   o - +2 ring mail {Will+}
rPois    .         Reflect  .   k - +0 helmet
rElec    .         Harm     .   (no cloak)
rCorr    .         Rampage  .   l - +0 pair of gloves
Will     +....                  (no boots)
Stlth    ++........             (no amulet)
HPRegen  0.12/turn              (no ring)
MPRegen  0.14/turn              (no ring)

@: no status effects
A: fangs 1, strong nose, distributed training
a: no special abilities


You were on level 4 of the Dungeon.
You visited 1 branch of the dungeon, and saw 4 of its levels.

You collected 127 gold pieces.

Inventory:

Hand Weapons
 p - a +2 vampiric demon blade (weapon)
Missiles
 a - 15 poisoned darts
Armour
 k - a +0 helmet (worn)
 l - a +0 pair of gloves (worn)
 o - a +2 ring mail of willpower (worn)
Jewellery
 e - an amulet of guardian spirit
Scrolls
 b - 2 scrolls of teleportation {unknown}
 h - a scroll of amnesia {unknown}
 i - a scroll of identify {unknown}
 j - a scroll of silence {unknown}
 n - a scroll of immolation {unknown}
Potions
 c - a potion of attraction {unknown}
 d - a potion of might {unknown}
 f - a potion of magic {unknown}
 g - 3 potions of curing {unknown}
 m - a potion of lignification {unknown}
 q - a potion of cancellation {unknown}


   Skills:
 + Level 1.6 Fighting
 + Level 1.6 Short Blades
 + Level 1.6 Long Blades
 + Level 1.6 Axes
 + Level 1.6 Maces & Flails
 + Level 1.6 Polearms
 + Level 1.6 Staves
 + Level 1.6 Slings
 + Level 1.6 Bows
 + Level 1.6 Crossbows
 + Level 1.6 Throwing
 + Level 1.6 Armour
 + Level 4.8 Dodging
 + Level 4.4 Stealth
 + Level 1.6 Shields
 + Level 1.6 Unarmed Combat
 + Level 7.3 Spellcasting
 + Level 2.4 Conjurations
 + Level 1.2 Hexes
 + Level 2.4 Summonings
 + Level 1.2 Necromancy
 + Level 2.4 Translocations
 + Level 1.2 Transmutations
 + Level 1.2 Fire Magic
 + Level 1.2 Ice Magic
 + Level 1.2 Air Magic
 + Level 1.2 Earth Magic
 + Level 1.2 Poison Magic
 + Level 1.8 Invocations
 + Level 1.6 Evocations


You had 12 spell levels left.
You knew the following spells:

 Your Spells              Type           Power      Damage    Failure   Level
a - Magic Dart            Conj           48%        1d5       13%         1
b - Blink                 Tloc           N/A        N/A       19%         2
e - Mephitic Cloud        Conj/Pois/Air  9%         N/A       45%         3

Your spell library contained the following spells:

 Spells                   Type           Power      Damage    Failure   Level
 Call Imp                 Summ           12%        N/A       19%         2
 Slow                     Hex            8%         N/A       30%         2
 Sublimation of Blood     Necr           4%         N/A       30%         2
 Conjure Flame            Conj/Fire      10%        6-21      43%         3
 Stone Arrow              Conj/Erth      20%        3d8       43%         3
 Confusing Touch          Hex            8%         N/A       52%         3
 Ignite Poison            Fire/Tmut/Pois 8%         N/A       52%         3
 Inner Flame              Hex/Fire       8%         N/A       52%         3
 Animate Armour           Summ/Erth      20%        N/A       85%         4
 Sticky Flame             Conj/Fire      10%        2d3       85%         4
 Cause Fear               Hex            4%         N/A       90%         4
 Petrify                  Tmut/Erth      8%         N/A       90%         4
 Irradiate                Conj/Tmut      5%         3d15      99%         5
 Yara's Violent Unravell  Hex/Tmut       4%         3d4       99%         5
 Discord                  Hex            4%         N/A       100%        8
 Lehudib's Crystal Spear  Conj/Erth      5%         10d3      100%        8


Dungeon Overview and Level Annotations

Branches:
Dungeon (4/15)
 Temple: D:4-7

Altars:
Ashenzari
Elyvilon
Sif Muna

Shops:
D:3 =

Annotations:
D:3 1 runed translucent door, Crazy Yiuf


Innate Abilities, Weirdness & Mutations

You have very sharp teeth.
Your uncanny sense of smell can sniff out nearby items.
Your experience applies equally to all skills.


Message History

Your ring mail prevents you from hitting the orc wizard.
The orc wizard hits you but does no damage. x2
You hit the orc wizard.
The orc wizard is moderately wounded.
An orc and an orc priest come into view.
The orc wizard hits you but does no damage.
The orc shouts!
The orc wizard hits you with a +0 dagger.
You hit the orc wizard.
You feel better.
You bite the orc wizard, but do no damage.
The orc wizard is severely wounded.
The orc priest barely misses you.
The orc wizard gestures at you while chanting.
The puff of flame hits you. The orc barely misses you.
You slash the orc wizard!
You kill the orc wizard!
The orc priest hits you but does no damage.
The orc hits you with a +0 flail.
You barely miss the orc priest.
The orc priest hits you but does no damage.
The orc hits you with a +0 flail.
The orc priest hits you with a +0 flail.
You barely miss the orc priest. The orc hits you but does no damage.
The orc priest hits you but does no damage.
You closely miss the orc priest. The orc barely misses you.
The orc priest invokes the aid of Beogh against you.
Beogh smites you!
* * * LOW HITPOINT WARNING * * *
You slash the orc priest!
You feel better.
The orc priest is almost dead.
The orc hits you with a +0 flail.
* * * LOW HITPOINT WARNING * * *
The orc priest completely misses you.
You riposte.
You barely miss the orc priest. Your bite misses the orc priest.
The orc priest is almost dead.
The orc hits you with a +0 flail.
* * * LOW HITPOINT WARNING * * *
The orc priest calls down the wrath of Beogh upon you.
Pain shoots through your body!
You die...

...# ... #####
..# ##...### ..
#......## .#
#.<.....## ##.#
#........###..#
##.........#o##
#.......@)o.#
##........o##
#.........#
##........#
##......##
##.....#
#.....# ###..##
##..


You could see an orc priest and 2 orcs.

Vanquished Creatures
  Jessica (D:3)
  An orc wizard (D:4)
  Terence (D:3)
  Robin (D:3)
  2 adders (D:2)
  A worm (D:1)
  4 dart slugs
  An orc (D:4)
  7 ball pythons
  6 endoplasms
  3 giant cockroaches
  15 goblins
  6 hobgoblins
  7 jackals
  A quokka (D:2)
  5 bats
  3 frilled lizards
  3 kobolds
  2 rats
70 creatures vanquished.

Notes
Turn   | Place    | Note
-------+----------+-------------------------------------------
     0 | D:1      | Labrat the Gnoll Hedge Wizard began the quest for the Orb.
     0 | D:1      | Reached XP level 1. HP: 13/13 MP: 8/8
   312 | D:1      | Reached XP level 2. HP: 19/19 MP: 6/10
   845 | D:1      | Reached XP level 3. HP: 25/25 MP: 3/11
  1145 | D:1      | Found a faded altar of an unknown god.
  1263 | D:1      | Learned a level 2 spell: Blink
  1267 | D:1      | Learned a level 3 spell: Mephitic Cloud
  1607 | D:2      | Reached skill level 1 in Invocations
  1801 | D:2      | Reached skill level 1 in Fighting
  1801 | D:2      | Reached skill level 1 in Short Blades
  1801 | D:2      | Reached skill level 1 in Long Blades
  1801 | D:2      | Reached skill level 1 in Axes
  1801 | D:2      | Reached skill level 1 in Maces & Flails
  1801 | D:2      | Reached skill level 1 in Polearms
  1801 | D:2      | Reached skill level 1 in Staves
  1801 | D:2      | Reached skill level 1 in Slings
  1801 | D:2      | Reached skill level 1 in Bows
  1801 | D:2      | Reached skill level 1 in Crossbows
  1801 | D:2      | Reached skill level 1 in Throwing
  1801 | D:2      | Reached skill level 1 in Armour
  1801 | D:2      | Reached skill level 1 in Shields
  1801 | D:2      | Reached skill level 1 in Unarmed Combat
  1801 | D:2      | Reached skill level 1 in Evocations
  2157 | D:2      | Reached XP level 4. HP: 24/32 MP: 7/13
  2429 | D:3      | Found a white marble altar of Elyvilon.
  2431 | D:3      | Found a shimmering blue altar of Sif Muna.
  2443 | D:3      | Found a broken altar of Ashenzari.
  2473 | D:3      | Found Tiommott's Jewellery Shop.
  2518 | D:3      | Noticed Robin
  2536 | D:3      | Killed Robin
  2772 | D:3      | Reached skill level 1 in Hexes
  2772 | D:3      | Reached skill level 1 in Necromancy
  2772 | D:3      | Reached skill level 1 in Transmutations
  2772 | D:3      | Reached skill level 1 in Fire Magic
  2772 | D:3      | Reached skill level 1 in Ice Magic
  2772 | D:3      | Reached skill level 1 in Air Magic
  2772 | D:3      | Reached skill level 1 in Earth Magic
  2772 | D:3      | Reached skill level 1 in Poison Magic
  3242 | D:3      | Noticed Terence
  3265 | D:3      | Killed Terence
  3266 | D:3      | Reached XP level 5. HP: 23/37 MP: 8/14
  3440 | D:3      | Noticed Jessica
  3447 | D:3      | Killed Jessica
  3488 | D:3      | Found a runed translucent door.
  3489 | D:3      | Noticed Crazy Yiuf
  3808 | D:4      | Killed from afar by an orc priest

Illustrated notes

Levels and vault maps discovered:
D:1:      dpeg_arrival_prison, layout_loops_ring,
          shapermc_ecumenical_altar_flowoftime, columned_hall_lemuel
D:2:      layout_rooms
D:3:      layout_rooms, gammafunk_temple_overflow_forgotten, serial_shops, shop,
          minmay_goblin_outpost, uniq_crazy_yiuf_cottage, uniq_jessica,
          uniq_robin, uniq_terence
D:4:      layout_cave_pods, makhleb_blood_cavern_becter, serial_shops,
          nicolae_take_the_stairs

Skill      XL: |  1  2  3  4 |
---------------+-------------+-----
Conjurations   | 2 |  2.4
Summonings     | 2 |  2.4
Translocations | 2 |  2.4
Invocations    | 1 |  1.8
Fighting       | 1 |  1.6
Short Blades   | 1 |  1.6
Long Blades    | 1 |  1.6
Axes           | 1 |  1.6
Maces & Flails | 1 |  1.6
Polearms       | 1 |  1.6
Staves         | 1 |  1.6
Slings         | 1 |  1.6
Bows           | 1 |  1.6
Crossbows      | 1 |  1.6
Throwing       | 1 |  1.6
Armour         | 1 |  1.6
Shields        | 1 |  1.6
Unarmed Combat | 1 |  1.6
Evocations     | 1 |  1.6
Hexes          | 1 |  1.2
Necromancy     | 1 |  1.2
Transmutations | 1 |  1.2
Fire Magic     | 1 |  1.2
Ice Magic      | 1 |  1.2
Air Magic      | 1 |  1.2
Earth Magic    | 1 |  1.2
Poison Magic   | 1 |  1.2
Dodging        | |  4.8
Stealth        | |  4.4
Spellcasting   | |  7.3

Action                   |  1- 3 |  4- 6 || total
-------------------------+-------+-------++-------
Melee: Dagger            |    57 |    15 ||    72
       Bite              |     2 |     4 ||     6
       Demon blade       |       |    17 ||    17
Throw: Dart              |       |     3 ||     3
 Cast: Magic Dart        |    94 |    69 ||   163
       Mephitic Cloud    |       |     3 ||     3
 Stab: Sleeping          |     4 |       ||     4
       Confused          |       |     1 ||     1
Armor: Robe              |     8 |     2 ||    10
       Ring mail         |       |    10 ||    10
Dodge: Dodged            |    56 |    14 ||    70
       Rpst.: Demon blade |       |     4 ||     4
